 Dungeon Crawl Stone Soup version 0.27-a0-1277-g3808f8b1c9 (webtiles) character file.

Game seed: 13772239408378532607

12069 MordorOrchid the Thaumaturge (level 12, -4/85 HPs)
             Began as a Djinni Air Elementalist on June 12, 2021.
             Was an Initiate of Gozag.
             Slain by a slime creature (18 damage)
             ... on level 9 of the Dungeon.
             The game lasted 00:35:44 (15035 turns).

MordorOrchid the Thaumaturge (DjAE)                Turns: 15035, Time: 00:35:45

Health: -4/85      AC:  5    Str:  7    XL:     12   Next: 15%
Gold:   1912       EV: 15    Int: 28    God:    Gozag SH:  5 Dex: 14

rFire    + + .     SeeInvis +   y - +11 rapier "Juocvoc" {vorpal, SInv Stlth+}
rCold    + . .     Faith    .   x - +0 buckler
rNeg     . . .     Spirit   .   t - +2 robe {rC+}
rPois    ∞         Reflect  .   f - +0 helmet
rElec    .         Harm     .   (no cloak)
rCorr    .         Rampage  .   (no gloves)
Will     +....                  (boots unavailable)
Stlth    +++.......             (no amulet)
HPRegen  0.24/turn              j - +6 ring of intelligence
MPRegen  0.00/turn              A - ring of protection from cold

@: flying
A: sickness immunity, fire resistance 2, cold vulnerability 1, float, innate
caster, hp casting, extra vitality 1
a: Renounce Religion, Potion Petition, Call Merchant, Bribe Branch


You were on level 9 of the Dungeon.
You worshipped Gozag.
Gozag was most pleased with you.
You visited 1 branch of the dungeon, and saw 10 of its levels.

You collected 1991 gold pieces.
You paid 79 gold pieces to Gozag.

Inventory:

Hand Weapons
 y - the +11 rapier "Juocvoc" (weapon) {vorpal, SInv Stlth+}
   (You found it on level 9 of the Dungeon)

   It inflicts extra damage upon your enemies.
   It lets you see invisible.
   It makes you more stealthy.
Missiles
 e - 115 bolts
 k - 33 sling bullets
 o - 2 boomerangs
 q - 106 poisoned darts (quivered)
 w - 6 curare-tipped darts
 z - 2 throwing nets
Armour
 f - a +0 helmet (worn)
 t - a +2 robe of cold resistance (worn)
 v - a +0 robe
 x - a +0 buckler (worn)
Magical Staves
 n - a staff of fire
Jewellery
 j - a +6 ring of intelligence (left hand)
 A - a ring of protection from cold (right hand)
Wands
 u - a wand of acid (5)
 B - a wand of flame (50)
 I - a wand of polymorph (7)
 J - a wand of mindburst (5)
Scrolls
 b - a scroll of enchant armour
 d - 2 scrolls of magic mapping
 g - 3 scrolls of noise
 l - 2 scrolls of immolation
 m - a scroll of silence
 p - 3 scrolls of blinking
 C - a scroll of fog
 D - a scroll of summoning
 E - a scroll of vulnerability
 F - 2 scrolls of teleportation
Potions
 a - a potion of magic {unknown}
 c - a potion of berserk rage {unknown}
 h - 2 potions of ambrosia
 i - a potion of brilliance
 r - a potion of mutation
 s - 2 potions of heal wounds
 G - a potion of flight {unknown}
 H - 2 potions of attraction


   Skills:
 * Level 7.0 Fighting
 * Level 1.6 Short Blades
 * Level 8.1 Dodging
 - Level 3.0 Stealth
 - Level 4.0 Shields
 + Level 10.7 Spellcasting
 * Level 5.5 Evocations


You had 4 spell levels left.
You knew the following spells:

 Your Spells              Type           Power      Damage    Failure   Level
a - Shock                 Conj/Air       100%       1d9       1%          1
b - Vampiric Draining     Necr           33%        2d10      1%          3
c - Static Discharge      Conj/Air       66%        N/A       1%          2
e - Magic Dart            Conj           100%       1d8       1%          1
f - Lightning Bolt        Conj/Air       33%        1d50      1%          5
p - Poisonous Vapours     Pois/Air       100%       N/A       1%          2
s - Call Canine Familiar  Summ           66%        N/A       1%          3
t - Airstrike             Air            33%        N/A       1%          4
U - Animate Dead          Necr           33%        N/A       1%          4
W - Swiftness             Air            66%        N/A       1%          3
Your spell library was empty.

Dungeon Overview and Level Annotations

Branches:
Dungeon (10/15)            Temple (0/1) D:4            Lair (0/6) D:8
    Orc: D:9-12

Altars:
Ashenzari
Cheibriados
Dithmenos
Gozag
Kikubaaqudgha
Makhleb
Nemelex Xobeh
Okawaru
Ru
Sif Muna
Yredelemnul
Zin
The Shining One


Innate Abilities, Weirdness & Mutations

You are immune to sickness and miasma.
You are immune to poison.
Your flesh is very heat resistant. (rF++)
You are vulnerable to cold. (rC-)
You float through the air rather than walking.
You learn spells naturally, not from books.
Your magical power is your life essence.
You have superior vitality. (+4 HP)


Message History

Blink to where?
Press: ? - help, Dir - move target
As you read the scroll of blinking, it crumbles to dust.
Casting: Vampiric Draining (safe; 1% risk of failure)
Confirm with . or Enter, or press ? or * to list all spells.
Aiming: Poisonous Vapours (safe; 1% risk of failure)
Press: ? - help, Dir - move target, f - killer bee
Aim: a killer bee Poisonous vapours surround the killer bee!
* * * LOW HITPOINT WARNING * * *
The killer bee is engulfed in poison gas.
The killer bee is poisoned.
The killer bee barely misses you.
The killer bee is distracted by your dazzling golden aura.
The killer bee is no longer distracted by gold.
You kill the killer bee!
You see here a +0 flail.
Aiming: Throw Flame
Press: ? - help, Shift-Dir - straight line, f - slime creature
Aim: a slime creature (moderately wounded, 94% to hit)
The puff of flame hits the slime creature!
The slime creature is moderately wounded.
Aiming: Throw Flame
Press: ? - help, Shift-Dir - straight line, f/p - slime creature
Aim: a slime creature (moderately wounded, 94% to hit)
The puff of flame hits the slime creature!
The slime creature is heavily wounded.
Aiming: Throw Flame
Press: ? - help, Shift-Dir - straight line, f/p - slime creature
Aim: a slime creature (heavily wounded, 94% to hit)
The puff of flame hits the slime creature!
The slime creature is heavily wounded.
Aiming: Throw Flame
Press: ? - help, Shift-Dir - straight line, f/p - slime creature
Aim: a slime creature (heavily wounded, 94% to hit)
The puff of flame hits the slime creature.
The slime creature is heavily wounded.
The slime creature hits you!!
You die...
Your body crumbles into a pile of gold.

.....#.....#≈_#######............
.....#.....####.....#............
.....#......###.....#............
##'###........#.....#............
..............#.....#............
...###'##.....#.....+......$.....
...'....#.....'.^...#........####
...#....#.....#######........#
...#....#.......@J...).......#
...######.........############
#.................#
#...........####### #############


You could see a slime creature.

Vanquished Creatures
  3 two-headed ogres
  Pikel (D:9)
  3 centaur zombies
  A kobold demonologist (D:8)
  2 trolls
  3 hornets
  Grinder (D:4)
  3 slime creatures (D:10)
  A wraith (D:8)
  4 yaks (D:9)
  5 wyverns
  Edmund (D:4)
  An acid dragon (D:9)
  A water moccasin (D:8)
  Duvessa (D:4)
  2 black bears
  5 orc warriors
  A sky beast (D:7)
  A hornet zombie (D:7)
  An ogre (D:4)
  The ghost of Leszczynek the Chopper, an amateur HuBe of Trog (D:3)
  6 centaurs
  A lemure (D:9)
  2 phantoms
  4 bullfrogs (D:8)
  16 kobold brigands
  4 scorpions
  Dowan (D:4)
  10 killer bees
  4 wights
  5 jellies
  5 howler monkeys
  2 hounds (D:6)
  A centaur skeleton (D:7)
  3 orc priests
  2 bullfrog skeletons
  2 gnoll shamans
  Jessica (D:2)
  7 orc wizards
  2 killer bee zombies
  2 hound zombies (D:5)
  A hound skeleton (D:4)
  7 gnolls
  A howler monkey skeleton (D:5)
  8 adders
  2 shadow imps (D:6)
  5 white imps
  An adder skeleton (D:4)
  2 worms
  3 dart slugs
  32 orcs
  6 ball pythons
  5 endoplasms
  6 giant cockroaches
  5 goblins
  5 hobgoblins
  14 jackals
  19 kobolds
  3 quokkas
  7 bats
  5 frilled lizards
  A rat (D:3)
260 creatures vanquished.

Vanquished Creatures (collateral kills)
  A kobold brigand (D:8)
  Blork the orc (D:5)
2 creatures vanquished.

Vanquished Creatures (others)
  3 fungi (D:8)
  11 plants (D:8)
14 creatures vanquished.

Grand Total: 276 creatures vanquished

Notes
Turn   | Place    | Note
-------+----------+-------------------------------------------
     0 | D:1      | MordorOrchid the Djinni Air Elementalist began the quest
                  | for the Orb.
     0 | D:1      | Reached XP level 1. HP: 15/15 MP: 0/0
   395 | D:1      | Reached XP level 2. HP: 20/22 MP: 0/0
  1257 | D:1      | Reached XP level 3. HP: 22/26 MP: 0/0
  1257 | D:1      | Learned a level 1 spell: Magic Dart
  1818 | D:2      | Reached skill level 3 in Spellcasting
  2092 | D:2      | Reached skill level 1 in Fighting
  2155 | D:2      | Noticed Jessica
  2159 | D:2      | Killed Jessica
  2160 | D:2      | Reached XP level 4. HP: 28/32 MP: 0/0
  2677 | D:2      | Reached XP level 5. HP: 33/37 MP: 0/0
  2677 | D:2      | Learned a level 2 spell: Poisonous Vapours
  3328 | D:3      | Found an iron altar of Okawaru.
  3360 | D:3      | Found a runed translucent gate.
  3363 | D:3      | Found a runed translucent gate.
  3363 | D:3      | Found an opulent altar of Gozag.
  3365 | D:3      | Found a runed translucent gate.
  3366 | D:3      | Noticed Leszczynek's ghost (amateur HuBe)
  3530 | D:3      | Found a basalt altar of Yredelemnul.
  3535 | D:3      | Found a glowing golden altar of the Shining One.
  3538 | D:3      | Found a shadowy altar of Dithmenos.
  3541 | D:3      | Found a sacrificial altar of Ru.
  4029 | D:3      | Found a faded altar of an unknown god.
  4300 | D:3      | Found a sparkling altar of Nemelex Xobeh.
  4352 | D:3      | Killed Leszczynek's ghost
  4353 | D:3      | Reached skill level 4 in Spellcasting
  4353 | D:3      | Reached XP level 6. HP: 27/43 MP: 0/0
  4362 | D:3      | Became a worshipper of Gozag Ym Sagoz the Greedy
  4753 | D:4      | Noticed Grinder
  4857 | D:4      | Reached XP level 7. HP: 34/49 MP: 0/0
  4857 | D:4      | Learned a level 3 spell: Call Canine Familiar
  5042 | D:4      | Found a staircase to the Ecumenical Temple.
  5064 | D:4      | Noticed Dowan
  5066 | D:4      | Noticed Duvessa
  5074 | D:4      | Killed Duvessa
  5078 | D:4      | Killed Dowan
  5311 | D:4      | Noticed Edmund
  5326 | D:4      | Killed Edmund
  5327 | D:4      | Reached skill level 5 in Spellcasting
  5550 | D:4      | Killed Grinder
  5551 | D:4      | Reached XP level 8. HP: 50/56 MP: 0/0
  5681 | D:4      | Found a glowing silver altar of Zin.
  5789 | D:5      | Entered Level 5 of the Dungeon
  5901 | D:5      | Noticed Blork the orc
  5918 | D:5      | Killed Blork the orc
  6011 | D:5      | Reached skill level 6 in Spellcasting
  6390 | D:5      | Found a broken altar of Ashenzari.
  6550 | D:5      | Identified the +4 quarterstaff of Doors {protect, Dex+2}
  6739 | D:5      | Noticed a two-headed ogre
  6760 | D:5      | Killed a two-headed ogre
  6761 | D:5      | Reached skill level 5 in Dodging
  6761 | D:5      | Reached skill level 7 in Spellcasting
  6761 | D:5      | Reached skill level 1 in Evocations
  6761 | D:5      | Reached XP level 9. HP: 49/63 MP: 0/0
  6761 | D:5      | Learned a level 3 spell: Vampiric Draining
  8354 | D:6      | Noticed a hornet
  8363 | D:6      | Killed a hornet
  8771 | D:6      | Reached skill level 1 in Shields
 10052 | D:7      | Reached XP level 10. HP: 61/69 MP: 0/0
 10248 | D:7      | Reached skill level 5 in Fighting
 10248 | D:7      | Reached skill level 8 in Spellcasting
 11571 | D:8      | Noticed a two-headed ogre
 11576 | D:8      | Killed a two-headed ogre
 11577 | D:8      | Reached skill level 9 in Spellcasting
 11762 | D:8      | Reached XP level 11. HP: 52/76 MP: 0/0
 11762 | D:8      | Learned a level 4 spell: Animate Dead
 11971 | D:8      | Noticed a two-headed ogre
 11979 | D:8      | Killed a two-headed ogre
 12366 | D:8      | Reached skill level 10 in Spellcasting
 12783 | D:8      | Reached skill level 5 in Evocations
 13020 | D:8      | Found a staircase to the Lair.
 13507 | D:9      | Identified the +11 rapier "Juocvoc" {vorpal, SInv Stlth+}
 14034 | D:9      | Noticed Pikel
 14038 | D:9      | Killed Pikel
 14039 | D:9      | Reached skill level 1 in Short Blades
 14039 | D:9      | Reached XP level 12. HP: 58/84 MP: 0/0
 14690 | D:9      | Found a snail-covered altar of Cheibriados.
 14690 | D:9      | Found a burning altar of Makhleb.
 14903 | D:10     | Entered Level 10 of the Dungeon
 15035 | D:9      | Slain by a slime creature

Illustrated notes

Levels and vault maps discovered:
D:1:      lightli_arrival_statuegarden, layout_basic
D:2:      layout_loops_ring, uniq_jessica
D:3:      layout_loops_corners, lemuel_tele_altar, nemelex_dance_club_becter,
          amcnicky_altar_gilded, grunt_temple_overflow_cloverleaf,
          shapermc_ecumenical_altar_mp_ritualfount, ebering_ghost_gozag
D:4:      layout_rooms, lemuel_coloured_pillars_altar,
          minmay_temple_entry_crystal_x, uniq_duvessa, uniq_grinder, uniq_edmund
D:5:      layout_layer_cave, ashenzari_altar_1, uniq_blork_the_orc
D:6:      layout_basic, grunt_tough_drop
D:7:      layout_basic, serial_rivers, chequers_serial_rivers_small_b,
          chequers_serial_rivers_micro_d, chequers_serial_rivers_room_b,
          chequers_serial_rivers_marsh, chequers_serial_rivers_large_a
D:8:      cheibrodos_fzero, layout_gridville, grunt_lair_entry_orc_guard_hut,
          special_room [special_room_kobold]
D:9:      minmay_general_purpose_star, layout_irregular_city,
          gammafunk_temple_overflow_elements, uniq_pikel
D:10:     layout_big_octagon, overflow_temple_1_default, xom_butterflies,
          serial_shops, kennysheep_mini, st_stairs_6

Skill      XL: |  1  2  3  4  5  6  7  8  9 10 11 12 |
---------------+-------------------------------------+-----
Spellcasting   | 3 4 5 7 9 10 | 10.7
Fighting       | 1 2 3 4 5 6 7 |  7.0
Stealth        | 2 3 |  3.0
Dodging        | 3 4 5 6 7 8 |  8.1
Evocations     | 1 2 4 5 |  5.5
Shields        | 1 3 4 |  4.0
Short Blades   | 1 |  1.6

Action                   |  1- 3 |  4- 6 |  7- 9 | 10-12 || total
-------------------------+-------+-------+-------+-------++-------
Melee: Dagger            |       |     1 |       |     1 ||     2
       Rapier            |       |       |       |     3 ||     3
Throw: Dart              |       |       |     1 |       ||     1
 Cast: Shock             |    77 |    83 |    35 |    25 ||   220
       Poisonous Vapours |       |    21 |    68 |    32 ||   121
       Static Discharge  |       |     5 |     4 |     8 ||    17
       Call Canine Famil |       |       |     8 |     1 ||     9
       Airstrike         |       |       |    54 |   111 ||   165
       Vampiric Draining |       |       |       |    50 ||    50
       Lightning Bolt    |       |       |       |    22 ||    22
Evoke: Wand              |       |       |       |     7 ||     7
  Use: Scroll            |       |     5 |     2 |    10 ||    17
       Potion            |       |     2 |       |       ||     2
 Stab: Sleeping          |       |     1 |       |     1 ||     2
Armor: Robe              |     6 |     2 |     4 |    18 ||    30
Dodge: Dodged            |    10 |    10 |    17 |    49 ||    86
Block: Buckler           |       |       |       |     7 ||     7

Table legend: (Time is in decaauts)
 A = Elapsed time spent in this place.
 B = Non-inter-level travel time spent in this place.
 C = Inter-level travel time spent in this place.
 D = Time resting spent in this place.
 E = Time spent auto-exploring this place.
 F = Levels seen in this place.
 G = Mean time per level.
                   A        B        C        D        E       F      G
               +--------+--------+--------+--------+--------+-----+--------+
         Total |  15011 |  14715 |    296 |    264 |  12611 |  10 | 1501.1 |
       Dungeon |  15011 |  14715 |    296 |    264 |  12611 |  10 | 1501.1 |
               +--------+--------+--------+--------+--------+-----+--------+

Top non-repeatable levels by time:
     D:5: 2558 daAuts
     D:8: 2445 daAuts
     D:1: 1751 daAuts
     D:6: 1700 daAuts
     D:3: 1606 daAuts
     D:9: 1510 daAuts
     D:4: 1224 daAuts
     D:2: 1186 daAuts
     D:7: 927 daAuts
    D:10: 99 daAuts
